 Dungeon Crawl Stone Soup version 0.32-a0-12-g7fc57aa741 (webtiles) character file.

Game seed: 10843347197934663369

42 jjjjhere the Ruffian (level 3, 0/39 HPs)
             Began as a Demonspawn Shapeshifter on Jan 15, 2024.
             Slain by Natasha (3 damage)
             ... on level 2 of the Dungeon.
             The game lasted 00:02:09 (935 turns).

jjjjhere the Ruffian (Demonspawn Shapeshifter)       Turns: 935, Time: 00:02:09

Health: 0/39       AC:  6    Str: 16    XL:     3   Next: 33%
Magic:  3/3        EV: 12    Int: 10    God:
Gold:   45         SH:  0    Dex: 12    Spells: 2/2 levels left

rFire   . .          .
                       - Unarmed
rCold   . . .        (no shield)
rNeg    . . .        a - +0 animal skin
rPois   .            (helmet currently unavailable)
rElec   .            (cloak currently unavailable)
rCorr   .            (gloves currently unavailable)
SInv    .            (boots currently unavailable)
Will    .....        (no amulet) Stlth
                     o - +4 ring of protection
HPRegen 0.26/turn    (no ring)
MPRegen 0.08/turn

%: no passive effects
@: brilliant, berserking, beast-form, very quick
A: beast (slay +1), demonic magic 1
a: Begin Untransformation


You were on level 2 of the Dungeon.
You were a hulking beast.
You visited 1 branch of the dungeon, and saw 2 of its levels.

You collected 45 gold pieces.

Inventory:

Missiles
 m - a poisoned dart
Armour
 a - a +0 animal skin (worn)
 h - a +1 pair of gloves
Jewellery
 o - a +4 ring of protection (left hand)
Talismans
 c - a beast talisman
 d - a flux talisman
Scrolls
 f - a scroll of blinking {unknown}
 i - a scroll of amnesia {unknown}
 k - 3 scrolls of identify {unknown}
Potions
 b - 2 potions of lignification
 e - a potion of haste {unknown}
 g - a potion of brilliance
 l - a potion of mutation {unknown}
 p - a potion of heal wounds {unknown}


   Skills:
 - Level 1.0 Fighting
 - Level 1.7 Dodging
 + Level 3.4 Unarmed Combat
 + Level 3.3 Shapeshifting


You had 2 spell levels left.
You didn't know any spells.
Your spell library contained the following spells:

 Spells                   Type           Power      Damage    Failure   Level
 Sublimation of Blood     Necr           0%         N/A       50%         2
 Petrify                  Alch/Erth      0%         N/A       98%         4
 Irradiate                Conj/Alch      0%         3d11      100%        5


Dungeon Overview and Level Annotations

Branches:
Dungeon (2/15)

Altars:

Annotations:
D:2 Natasha


Innate Abilities, Weirdness & Mutations

You are a hulking beast.
Your limbs bulge with bestial killing power. (Slay +1)
Spells you cast may paralyse adjacent enemies.


Message History

You throw a poisoned dart. The poisoned dart hits the hobgoblin.
The hobgoblin is poisoned.
Okay, then.
You hit the hobgoblin.
You kill the hobgoblin!
Throw: 2 throwing nets
Press: ? - help, Q - select action, (/) - cycle Shift-Dir - straight line, f - Natasha
Aim: Natasha (47% to hit)
You throw a throwing net.
The throwing net closely misses Natasha.
Natasha misses you.
Throw: throwing net
Press: ? - help, Q - select action, (/) - cycle Shift-Dir - straight line, f/p - Natasha
Aim: Natasha (47% to hit)
You throw a throwing net.
The throwing net closely misses Natasha.
The cerulean imp hits you from afar with a +1 spear.
Natasha claws you.
You hit Natasha.
Natasha is moderately wounded.
The cerulean imp hits you from afar with a +1 spear.
* * * LOW HITPOINT WARNING * * *
Natasha barely misses you.
You hit Natasha.
Natasha is severely wounded.
The cerulean imp hits you from afar with a +1 spear.
* * * LOW HITPOINT WARNING * * *
Natasha mewls in sadness.
Natasha closely misses you.
It was a potion of brilliance.
You feel clever all of a sudden.
The cerulean imp hits you but does no damage.
Natasha misses you.
It was a potion of berserk rage.
A red film seems to cover your vision as you go berserk!
You feel yourself moving faster!
You feel mighty!
The cerulean imp hits you but does no damage.
Natasha claws you.
You die...
Natasha begins licking her fur clean.

#.# ##..... #.#.# #.#
#...... #.#.# #.# ##.....
#.#.# #.# #.....
#.#.###.####..... ....
#..........#..... ....
#..........#..... ..h..
##................ ...g.
#####h........).######
......#.(5h.................
......#.##......############
........###....## ##......#
#....# #......# ♣....♣
#.?....# ♣...♣♣ #......#
♣♣)♣♣ #......# .♣♣


You could see Natasha and a cerulean imp (summoned).

Vanquished Creatures
  A dart slug (D:2)
  2 bats
  6 endoplasms
  2 giant cockroaches (D:1)
  4 goblins
  2 hobgoblins
  3 quokkas (D:1)
  4 ball pythons (D:1)
  2 frilled lizards (D:1)
  3 kobolds (D:1)
  5 rats
34 creatures vanquished.

Notes
Turn   | Place    | Note
-------+----------+-------------------------------------------
     0 | D:1      | jjjjhere the Demonspawn Shapeshifter began the quest for
                  | the Orb.
     0 | D:1      | Reached XP level 1. HP: 15/15 MP: 1/1
   154 | D:1      | Gained mutation: Spells you cast may paralyse adjacent
                  | enemies. [demonic ancestry]
   154 | D:1      | Reached XP level 2. HP: 19/21 MP: 2/2
   572 | D:1      | Reached XP level 3. HP: 25/26 MP: 3/3
   918 | D:2      | Noticed Natasha
   932 | D:2      | HP: 7/26 [cerulean imp/+1 spear[Natasha] (5)]
   933 | D:2      | HP: 1/26 [cerulean imp/+1 spear[Natasha] (6)]
   935 | D:2      | Slain by Natasha

Illustrated notes

Levels and vault maps discovered:
D:1:      sevenhm_arrival_forest_fort_small_4, layout_loops_ring
D:2:      minmay_chambers_of_twos, layout_basic, corexii_corridor_pit,
          uniq_natasha, uniq_crazy_yiuf_cottage

Skill      XL: |  1  2 |
---------------+-------+-----
Unarmed Combat | 3 |  3.4
Shapeshifting  | 3 |  3.3
Fighting       | |  1.0
Dodging        | |  1.7

Action                     || total
---------------------------++-------
  Melee: Unarmed           ||    91
         Punch             ||     2
  Throw: Throwing net      ||     2
         Dart              ||     1
    Use: Potion            ||     2
   Stab: Distracted        ||     1
 Armour: Animal skin       ||    56
  Dodge: Dodged            ||    51

Table legend: (Time is in decaauts)
 A = Elapsed time spent in this place.
 B = Non-inter-level travel time spent in this place.
 C = Inter-level travel time spent in this place.
 D = Time resting spent in this place.
 E = Time spent auto-exploring this place.
 F = Levels seen in this place.
 G = Mean time per level.
                   A        B        C        D        E       F      G
               +--------+--------+--------+--------+--------+-----+--------+
         Total |    936 |    924 |     12 |     44 |    642 |   2 |  468.0 |
       Dungeon |    936 |    924 |     12 |     44 |    642 |   2 |  468.0 |
               +--------+--------+--------+--------+--------+-----+--------+

Top non-repeatable levels by time:
     D:1: 740 daAuts
     D:2: 195 daAuts
